 Dungeon Crawl Stone Soup version 0.30.0-19-g36f170ea60 (webtiles) character file.

Game seed: 10753692569163230728

14 DildoBatman the Conjurer (level 2, 0/19 HPs)
             Began as a Formicid Conjurer on May 22, 2023.
             Slain by a giant cockroach (1 damage)
             ... on level 1 of the Dungeon on May 29, 2023.
             The game lasted 00:21:39 (1224 turns).

DildoBatman the Conjurer (Formicid Conjurer)        Turns: 1224, Time: 00:21:39

Health: 0/19       AC:  2    Str: 11    XL:     2   Next: 55%
Magic:  5/5        EV: 12    Int: 17    God:
Gold:   32         SH:  0    Dex: 12    Spells: 4/5 levels left

rFire   . . .        e - +0 dagger
rCold   . . .        (no shield)
rNeg    . . .        a - +0 robe
rPois   .            (helmet unavailable)
rElec   .            (no cloak)
rCorr   .            (no gloves)
SInv    +            (no boots)
Will    .....        (no amulet)
Stlth   ++           (no ring)
HPRegen 0.23/turn    (no ring)
MPRegen 0.09/turn

%: no passive effects
@: no status effects
A: permanent stasis, dig shafts and tunnels, antennae 3, four strong arms
a: Dig, Shaft Self


You were on level 1 of the Dungeon.
You visited 1 branch of the dungeon, and saw 1 of its levels.

You collected 32 gold pieces.

Inventory:

Hand Weapons
 e - a +0 dagger (weapon)
Missiles
 c - 6 stones (quivered)
Armour
 a - a +0 robe (worn)
Scrolls
 d - a scroll of identify {unknown}
Potions
 b - a potion of magic


   Skills:
 * Level 0.1 Fighting
 * Level 1.0 Armour
 * Level 1.8 Dodging
 * Level 2.4 Stealth
 * Level 2.2 Spellcasting
 * Level 3.9 Conjurations


You had 4 spell levels left.
You knew the following spells:

 Your Spells              Type           Power      Damage    Failure   Level
c - Magic Dart            Conj           60%        1d6       3%          1

Your spell library contained the following spells:

 Spells                   Type           Power      Damage    Failure   Level
 Searing Ray              Conj           30%        2d5       5%          2
 Dazzling Flash           Conj/Hex       16%        N/A       26%         3
 Fulminant Prism          Conj/Hex       4%         3d5       63%         4
 Iskenderun's Mystic Bla  Conj/Tloc      8%         2d4       63%         4


Dungeon Overview and Level Annotations

Branches:
Dungeon (1/15)

Altars:


Innate Abilities, Weirdness & Mutations

You cannot be hasted, slowed, berserked, paralysed or teleported.
You can dig through walls and to a lower floor.
You have a pair of large antennae on your head. (SInv)
Your four strong arms can wield two-handed weapons with a shield.


Message History

The rat misses you.
The giant cockroach bites you but does no damage.
What are your orders? t - Shout!
Orders for allies: a - Attack new target. r - Retreat! s - Stop attacking. g - Guard the area. f - Follow me.
Anything else - Cancel.
You shout for attention!
The giant cockroach bites you. The rat bites you.
What are your orders? t - Shout!
Orders for allies: a - Attack new target. r - Retreat! s - Stop attacking. g - Guard the area. f - Follow me.
Anything else - Cancel.
You shout for attention!
The giant cockroach bites you. The rat barely misses you.
What are your orders? t - Shout!
Orders for allies: a - Attack new target. r - Retreat! s - Stop attacking. g - Guard the area. f - Follow me.
Anything else - Cancel.
You shout for attention!
The giant cockroach closely misses you. The rat misses you.
What are your orders? t - Shout!
Orders for allies: a - Attack new target. r - Retreat! s - Stop attacking. g - Guard the area. f - Follow me.
Anything else - Cancel.
You shout for attention!
The giant cockroach bites you. The rat barely misses you.
The giant cockroach bites you.
You die...

#...#....# .##
##........# ..##.....#
#..#.[.†# # .###. #
#.....# .# .....#####
..##....###>#...........
#.................#####
#$....B..............h.
..##..r@.######..#######
## #.............# #..
#......#####...# #.#
##...#.........# #.#
#.......#####.#.# ##P
#...##.## #.#.# #~ ..#..
#. ##[#.# #≈ +#### #.
##....# #≈ #. ###.#.#†##
#≈


You could see a giant cockroach and a rat.

Vanquished Creatures
  A bat (D:1)
  7 jackals (D:1)
  A kobold (D:1)
  2 rats (D:1)
11 creatures vanquished.

Notes
Turn   | Place    | Note
-------+----------+-------------------------------------------
     0 | D:1      | DildoBatman the Formicid Conjurer began the quest for the
                  | Orb.
     0 | D:1      | Reached XP level 1. HP: 13/13 MP: 3/3
    43 | D:1      | Upgraded the game from 0.30.0-17-ge0270778cf to
                  | 0.30.0-18-gc0e69614cb
    47 | D:1      | Upgraded the game from 0.30.0-18-gc0e69614cb to
                  | 0.30.0-19-g36f170ea60
   977 | D:1      | Reached XP level 2. HP: 14/19 MP: 0/5
  1159 | D:1      | Reached skill level 1 in Armour
  1224 | D:1      | Slain by a giant cockroach

Illustrated notes

Levels and vault maps discovered:
D:1:      eino_arrival_druids_welcome, layout_loops_ring, serial_shops,
          nicolae_shop_tiny_real_fake_doors,
          shapermc_ecumenical_altar_notcrosses, nicolae_eternal_life

Skill      XL: |  1  2 |
---------------+-------+-----
Armour         | 1 |  1.0
Fighting       | |  0.1
Dodging        | |  1.8
Stealth        | |  2.4
Spellcasting   | |  2.2
Conjurations   | |  3.9

Action                     || total
---------------------------++-------
  Melee: Unarmed           ||    53
  Throw: Stone             ||     7
   Cast: Magic Dart        ||    18
Ability: Dig               ||     4
 Armour: Robe              ||    25
  Dodge: Dodged            ||   112
